Map: Port Aleksander EC

Players

Slipotron - Winner!

  • Race: Zerg Zerg
  • League: Diamond
  • Spawn Location: 11:00

Sorandom

  • Race: Protoss Protoss
  • League: Diamond
  • Spawn Location: 5:00

VOD

Have the link to the VOD?

Description

Time

  • Played on: April 4, 2019, 3:41 p.m.
  • Length: 3:30
Show
View Real Time Build Order
Export as new Build Order

Slipotron Zerg - Winner!

Build Orders: Hatch First 

Get SALT Encoding   

  12  0:01  Drone  
  13  0:12  Overlord  
  13  0:22  Drone  
  14  0:32  Drone x2  
  14  0:35  Drone  
  17  0:54  Hatchery  
  16  0:57  Drone  
  16  1:02  Drone  
  18  1:16  Extractor  
  18  1:17  Spawning Pool  
  16  1:20  Drone  
  16  1:25  Drone  
  18  1:29  Drone  
  19  1:40  Overlord  
  19  1:52  Drone  
  20  2:05  Zergling x2  
  20  2:07  Zergling x2, Queen  
  20  2:08  Queen  
  26  2:19  Drone  
  27  2:23  Drone x2  
  29  2:37  Zergling x4  
  29  2:42  Queen, Drone  
  29  2:43  Drone  
  35  2:52  Overlord  
  35  3:00  Drone  
  35  3:01  Overlord  
Show
View Real Time Build Order
Export as new Build Order

Sorandom Protoss 

Build Orders:  

Get SALT Encoding   

  12  0:04  Probe  
  13  0:22  Probe  
  14  0:30  Probe  
  14  0:31  Pylon  
  15  0:41  Assimilator  
  15  0:46  Probe  
  16  0:54  Gateway  
  16  0:58  Probe  
  17  1:06  Probe  
  18  1:14  Probe  
  18  1:25  Probe  
  20  1:33  Gateway  
  20  1:37  Probe  
  21  1:42  Cybernetics Core  
  21  1:43  Zealot  
  23  1:52  Pylon  
  23  2:08  Pylon  
  23  2:10  Probe  
  24  2:22  Probe  
  25  2:29  Nexus  
  25  2:34  Probe  
  26  2:52  Gateway  
  26  2:59  Zealot  
  28  3:06  Pylon  
  28  3:15  Pylon  
Tags
 
Matchup
PvZ
Replay Pack
Pack 2
Spawn Locations
Cross Positions
Add a new tag
Caveats
  • Supply blocks, unpowered buildings, or Contaminate may cause inaccurate times.
  • Supply counts are checked every 10 seconds.